Construct Section Command Post
Selects Australian Defense Battlegroup
Selects Australian Light Infantry Section
Australian Light Infantry Section
Selects Defensive Tactics
Construct Platoon Command Post
Australian Light Infantry Section
Australian Light Infantry Section
Selects CMP 15cwt Supply Run
Unlock Bishop Self-propelled Artillery
Bishop Self-propelled Artillery
Selects Reinforced Resource Caches
6-pounder Anti-tank Gun Team
Construct Company Command Post